Cogmind - Beta 14 @@@ ROGUE MODE // 2024.11.22 @ 11:51:26 Player: atomicthumbs Result: Destroyed by P-70 Sage with Tesla Rifle Performance ------------- Evolutions (1) 500 Regions Visited (5) 1000 Robots Destroyed (59) 295 Value Destroyed (1526) 1526 Prototype IDs (8) 160 Alien Tech Used (0) 0 Bonus (390) 390 TOTAL SCORE: 3871 Bonus ------- Follower Combat Kills 130 Met Imprinter 300 Friendly Fire -40 Cogmind --------- Core Integrity 0/400 Matter 245/300 Energy 100/100 System Corruption 0% Temperature Cool (1) Movement Flying (55) Location -6/Proximity Caves Parts ------- > --- POWER (1) -------- (None) > --- PROPULSION (2) --- Makeshift Flight Unit > --- UTILITY (4) ------ Small Storage Unit Signal Interpreter Hacking Suite > --- WEAPON (2) ------- (None) > --- INVENTORY (8) ---- High-capacity Matter Pod (112) Tactical Coordination Suite Makeshift Light Armor Plating Hacking Drone Bay (1/1) Slug Cannon Molecular Deconstructor Self-destruct Interrupter (45) Peak State ------------ > --- POWER ------------ Light Nuclear Core > --- PROPULSION ------- Aluminum Leg Flexi-carbon Leg > --- UTILITY ---------- Small Storage Unit Signal Interpreter Tactical Coordination Suite Hacking Suite > --- WEAPON ----------- Heavy Beamcaster Slug Cannon > --- INVENTORY -------- Makeshift Flight Unit Makeshift Flight Unit High-capacity Matter Pod Makeshift Light Armor Plating Makeshift System Shield Hacking Drone Bay Heavy Battle Rifle Self-destruct Interrupter [Rating: 32] Favorites ----------- Power Light Ion Engine Engine Light Ion Engine Power Core Light Nuclear Core Propulsion Aluminum Leg Treads Light Treads Leg Aluminum Leg Flight Unit Makeshift Flight Unit Utility Small Storage Unit Device Sensor Array Storage Small Storage Unit Processor Signal Interpreter Hackware Hacking Suite Protection Light Armor Plating Weapon Improved Light Cannon Energy Gun Improved Medium Laser Energy Cannon Light EM Pulse Cannon Ballistic Gun Heavy Battle Rifle Ballistic Cannon Improved Light Cannon Launcher Mini Grenade Launcher Special Weapon Molecular Deconstructor Build | -11 -10 -9 -9 -7 -6 ------- Run | Yrd Mat Mat Min Zio Pro Slots Evolved 2 | . . 2 . . . Power . | . . . . . . Propulsion . | . . . . . . Utility 2 | . . 2 . . . Weapon . | . . . . . . Parts Attached 74 | . 6 40 6 12 10 Power 10 | . . 5 4 1 . Engine 8 | . . 5 3 . . Core 2 | . . . 1 1 . Reactor . | . . . . . . Propulsion 21 | . 1 15 1 1 3 Treads 1 | . . 1 . . . Leg 17 | . 1 13 1 1 1 Wheel . | . . . . . . Hover . | . . . . . . Flight 3 | . . 1 . . 2 Utility 16 | . 1 9 1 3 2 Device 4 | . 1 1 . 2 . Storage 2 | . . 1 . . 1 Processor 2 | . . 2 . . . Hackware 1 | . . 1 . . . Protection 7 | . . 4 1 1 1 Artifact . | . . . . . . Weapon 27 | . 4 11 . 7 5 Energy Gun 3 | . . 2 . 1 . Energy Cannon 1 | . . 1 . . . Ballistic Gun 5 | . . . . 5 . Ballistic Cannon 13 | . 4 5 . 1 3 Launcher 3 | . . 3 . . . Special Weapon 2 | . . . . . 2 Impact Weapon . | . . . . . . Slashing Weapon . | . . . . . . Piercing Weapon . | . . . . . . Special Melee Weapon . | . . . . . . Unidentified Prototypes 4 | . . 2 . 1 1 Parts Lost 13 | . . 10 1 . 2 Power 2 | . . 1 . . 1 Propulsion 4 | . . 3 . . 1 Utility 5 | . . 4 1 . . Weapon 2 | . . 2 . . . Highest Loss Streak 4 | . . 4 1 . 1 To Critical Strikes . | . . . . . . Average Slot Usage (%) 93 | . 99 83 98 99 89 Engine 8 | . 14 10 10 8 . Core 2 | . . . . 2 7 Leg 21 | . 28 20 22 22 16 Device 5 | . 13 5 . 1 7 Storage 11 | . 14 11 11 11 11 Processor 8 | . . 5 11 11 11 Hackware 8 | . . 5 11 11 11 Protection 4 | . . 1 10 9 1 Ballistic Gun 2 | . . . . 1 8 Ballistic Cannon 17 | . 27 14 22 20 9 Launcher 1 | . . 6 . . . Peak Build Rating 32 | 6 8 15 16 32 32 Average Rating 17 | 6 7 11 13 19 27 On Entrance 12 | 6 6 8 13 14 30 Naked Turns . | . . . . . . Heaviest Build 27 | 13 17 21 21 27 26 Greatest Support 35 | 20 20 20 20 30 35 Greatest Overweight (x) 1 | . . 1 1 . 1 Average Overweight (x) . | . . . . . . Largest Inventory Capacity 8 | 8 8 8 8 8 8 Average Capacity 8 | 8 8 8 8 8 8 Most Carried 8 | 6 8 8 8 8 8 Average Carried 7 | 6 7 7 7 7 7 Final Capacity 8 | 8 8 8 8 8 8 Final Carried 8 | 6 8 8 8 8 8 Class Distribution -------------------- 65% | Scavenger-Mutant 33% | Mutant Dominant Class ---------------- Mutant | -10/Materials Mutant | -9/Materials Scavenger-Mutant | -9/Mines Scavenger-Mutant | -7/Zion Scavenger-Mutant | -6/Proximity Caves Resources | -11 -10 -9 -9 -7 -6 ----------- Run | Yrd Mat Mat Min Zio Pro Matter Collected 2286 | 200 256 1284 189 73 284 Remotely . | . . . . . . Salvage Created 1488 | . 191 1089 152 . 56 Parts 99 | . 19 63 12 . 5 Haulers Intercepted 5 | . . 5 . . . Recyclers Shooed . | . . . . . . Parts Field Recycled . | . . . . . . Retrieved Matter . | . . . . . . Parts Self-Destructed 4 | . . . . . 4 Prevented 6 | . . . . . 6 Kills | -11 -10 -9 -9 -7 -6 ------- Run | Yrd Mat Mat Min Zio Pro Combat Hostiles Destroyed 40 | . 9 24 5 . 2 Guns 1 | . . . . . 1 Cannons 31 | . 9 16 5 . 1 AOE 8 | . . 8 . . . Classes Destroyed 11 | . 3 7 . . 1 Worker 4 | . . 4 . . . Builder 1 | . . 1 . . . Hauler 5 | . . 5 . . . Recycler 2 | . . 1 1 . . Operator 2 | . . 2 . . . Watcher 5 | . 3 2 . . . Swarmer 11 | . 6 . 4 . 1 Grunt 18 | . 3 14 1 . . Duelist 1 | . . 1 . . . Sentry 9 | . . 9 . . . Programmer 1 | . . . . . 1 Best Kill Streak 6 | . 4 6 4 . 1 Combat Bots Only 4 | . 3 3 4 . 1 Max Kills in Single Turn 2 | . 2 2 1 . 1 Gunslinging . | . . . . . . Exploded 2 | . . 2 . . . Melee . | . . . . . . Uniques/NPCs Destroyed . | . . . . . . Combat | -11 -10 -9 -9 -7 -6 -------- Run | Yrd Mat Mat Min Zio Pro Hostile Shots Fired 255 | . 39 127 21 . 68 Missed 90 | . 12 43 7 . 28 Damage Taken 2555 | . 279 1379 102 . 795 Core 413 | . 10 194 30 . 179 Absorbed by Shields . | . . . . . . Regen/Repaired (Parts) 187 | . 41 78 . 68 . Core Remaining (%) 98 | 100 96 . . . . Volleys Fired 194 | . 23 119 9 7 36 Largest 2 | . 2 2 2 1 2 Hottest 95 | . 70 95 78 81 81 Shots Fired 326 | . 47 205 18 7 49 Gun 26 | . . 10 . 3 13 Cannon 278 | . 47 174 18 4 35 Launcher 21 | . . 21 . . . Special 1 | . . . . . 1 Kinetic 293 | . 47 174 18 6 48 Thermal 11 | . . 10 . 1 . Explosive 21 | . . 21 . . . Electromagnetic . | . . . . . . Robot Hit Streak 7 | . 5 7 4 . 3 Robot Miss Streak 12 | . 2 12 4 . 4 Penetration Max 1 | . . . . . 1 Secondary Targets . | . . . . . . Shots Hit Robots 148 | . 25 104 7 . 12 Core Hits 75 | . 13 52 6 . 4 Critical Kills . | . . . . . . Critical Parts Destroyed . | . . . . . . Critical Strikes 5 | . 1 4 . . . Burn 1 | . . 1 . . . Blast 4 | . 1 3 . . . Melee Attacks . | . . . . . . Impact . | . . . . . . Slashing . | . . . . . . Piercing . | . . . . . . Sneak Attacks . | . . . . . . Combat Hostiles . | . . . . . . Follow-up Attacks . | . . . . . . Damage Inflicted 3776 | . 462 2689 215 . 410 Guns 220 | . . 67 . . 153 Cannons 2662 | . 462 1728 215 . 257 Explosions 894 | . . 894 . . . Melee . | . . . . . . Ramming . | . . . . . . Kinetic 2815 | . 462 1728 215 . 410 Thermal 67 | . . 67 . . . Explosive 894 | . . 894 . . . Electromagnetic . | . . . . . . Impact . | . . . . . . Slashing . | . . . . . . Piercing . | . . . . . . Highest Corruption 2 | . 2 . . . . Average Corruption 2 | . 2 . . . . Corruption Purged . | . . . . . . Corruption Blocked . | . . . . . . Effects 12 | . 12 . . . . Message Errors 1 | . 1 . . . . Matter Fused 7 | . 7 . . . . Heat Flow Errors 1 | . 1 . . . . Data Loss (minor) 2 | . 2 . . . . Misfires 1 | . 1 . . . . Overload Shots . | . . . . . . Overflow Damage 59 | . . 33 3 . 23 Projectiles 59 | . . 33 3 . 23 Explosions . | . . . . . . Melee . | . . . . . . Knockbacks 16 | . 3 10 . . 3 Impact . | . . . . . . Kinetic 16 | . 3 10 . . 3 Secondary . | . . . . . . Self-Inflicted Damage 199 | . . 199 . . . Shots 8 | . . 8 . . . Rammed . | . . . . . . Targets Rammed . | . . . . . . Kicked . | . . . . . . Crushed . | . . . . . . Highest Temperature 135 | . 135 132 18 38 67 Average Temperature 34 | . 39 37 12 10 26 Received Heat Transfer 963 | . 102 579 . . 282 Siege Activations . | . . . . . . Robots Corrupted . | . . . . . . Combat Hostiles . | . . . . . . Parts Fried . | . . . . . . Impact Corruptions . | . . . . . . Robots Melted . | . . . . . . Combat Hostiles . | . . . . . . Parts Melted . | . . . . . . Heat Transferred 222 | . . 222 . . . Parts Sabotaged . | . . . . . . Parts Stolen . | . . . . . . Parts Stripped . | . . . . . . Power Chain Reactions . | . . . . . . Alert | -11 -10 -9 -9 -7 -6 ------- Run | Yrd Mat Mat Min Zio Pro Peak Influence 434 | . 232 434 283 . . Initial 162 | . . . 162 . . Average 194 | . 68 250 254 . . Maximum Alert Level 2 | . 1 2 1 . . Low Security (%) 48 | 100 93 34 7 . . Level 1 45 | . 6 55 92 . . Level 2 5 | . . 10 . . . Level 3 . | . . . . . . Level 4 . | . . . . . . Level 5 . | . . . . . . High Security . | . . . . . . Max Security . | . . . . . . Squads Dispatched 6 | . 1 4 . . 1 Investigation 2 | . 1 1 . . . Extermination . | . . . . . . Reinforcement 3 | . . 3 . . . Assault 1 | . . . . . 1 Garrison . | . . . . . . Intercept . | . . . . . . Searches Triggered . | . . . . . . Construction Impeded . | . . . . . . Haulers Reinforced . | . . . . . . Active Scanning Responses . | . . . . . . Cargo Convoy Interrupts . | . . . . . . Stealth | -11 -10 -9 -9 -7 -6 --------- Run | Yrd Mat Mat Min Zio Pro Distress Signals 3 | . . 3 . . . Communications Jammed . | . . . . . . Distress Signals . | . . . . . . Times Spotted 75 | . 12 43 5 . 15 Peak Tracking Total 7 | . 4 4 4 . 7 Tactical Retreats 7 | . . 1 . . 6 Traps | -11 -10 -9 -9 -7 -6 ------- Run | Yrd Mat Mat Min Zio Pro Traps Triggered 3 | . 2 1 . . . Indirectly . | . . . . . . Trap Hack Attempts . | . . . . . . Triggered . | . . . . . . Disarmed . | . . . . . . Reprogrammed . | . . . . . . Reused . | . . . . . . Traps Extracted . | . . . . . . Installed . | . . . . . . Triggered 3 | . . . . . 3 Machines | -11 -10 -9 -9 -7 -6 ---------- Run | Yrd Mat Mat Min Zio Pro Machines Disabled 10 | . 1 6 1 . 2 Max in Single Turn 2 | . 1 1 1 . 2 Machines Repaired . | . . . . . . Machines Dismantled . | . . . . . . Machines Sabotaged . | . . . . . . Overloaded Fab Kills . | . . . . . . Hacking | -11 -10 -9 -9 -7 -6 --------- Run | Yrd Mat Mat Min Zio Pro Machines Accessed 17 | . 7 10 . . . Terminals 10 | . 4 6 . . . Fabricators . | . . . . . . Repair Stations 2 | . 1 1 . . . Recycling Units 3 | . 2 1 . . . Scanalyzers 2 | . . 2 . . . Garrison Access . | . . . . . . Total Hacks 56 | . 16 40 . . . Successful 33 | . 9 24 . . . Failed 23 | . 7 16 . . . Catastrophic 5 | . 2 3 . . . Database Lockouts . | . . . . . . Manual 18 | . 3 7 . 7 1 Terminals 34 | . 11 23 . . . Fabricators . | . . . . . . Repair Stations 4 | . 2 2 . . . Recycling Units 5 | . 3 2 . . . Scanalyzers 13 | . . 13 . . . Garrison Access . | . . . . . . Terminal Hacks 13 | . 4 9 . . . Robot Analysis 4 | . 2 2 . . . Prototype ID Bank 2 | . . 2 . . . Branch Access Points 1 | . . 1 . . . Alert Level 2 | . . 2 . . . Unreport Threat 1 | . . 1 . . . Hauler Manifests 1 | . 1 . . . . Registered Components 2 | . 1 1 . . . Fabricator Hacks . | . . . . . . Repair Station Hacks 4 | . 2 2 . . . Scan Component 2 | . 1 1 . . . Repair 2 | . 1 1 . . . Recycling Unit Hacks 5 | . 3 2 . . . Report Inventory 3 | . 2 1 . . . Retrieve Matter 2 | . 1 1 . . . Scanalyzer 11 | . . 11 . . . Insert Component 5 | . . 5 . . . Analyze 6 | . . 6 . . . Garrison Access Hacks . | . . . . . . Unauthorized Hacks . | . . . . . . Terminals . | . . . . . . Fabricators . | . . . . . . Repair Stations . | . . . . . . Recycling Units . | . . . . . . Scanalyzers . | . . . . . . Garrison Access . | . . . . . . Data Cores Recovered . | . . . . . . Used . | . . . . . . Hacking Detections 13 | . 4 9 . . . Full Trace Events . | . . . . . . Feedback Events . | . . . . . . Feedback Blocked . | . . . . . . Robot Schematics Acquired 3 | . . . . 3 . Robots Built . | . . . . . . Authchips . | . . . . . . Time . | . . . . . . Total Robot Build Rating . | . . . . . . Part Schematics Acquired 21 | . . 5 . 16 . Parts Built . | . . . . . . Authchips . | . . . . . . Time . | . . . . . . Total Part Build Rating . | . . . . . . Parts Repaired 2 | . 1 1 . . . Time 52 | . 26 26 . . . Parts Recycled . | . . . . . . Recycled Matter . | . . . . . . Retrieved Matter 164 | . . 164 . . . Retrieved Components . | . . . . . . Parts Scanalyzed 5 | . . 5 . . . Part Schematics Acquired 5 | . . 5 . . . Parts Damaged . | . . . . . . Bothacking | -11 -10 -9 -9 -7 -6 ------------ Run | Yrd Mat Mat Min Zio Pro Used RIF Installer . | . . . . . . Robots Hacked . | . . . . . . Non-combat . | . . . . . . Combat . | . . . . . . Robot Hacks Applied . | . . . . . . Relay Couplers Released . | . . . . . . Fabnet Peak Effective % . | . . . . . . Robots Rewired . | . . . . . . Allies Hacked . | . . . . . . Hacks Repelled . | . . . . . . Allies | -11 -10 -9 -9 -7 -6 -------- Run | Yrd Mat Mat Min Zio Pro Total Allies 3 | . . . . 3 . Largest Group 3 | . . . . 3 3 Highest-Rated Group 87 | . . . . 87 87 Highest-Rated Ally 31 | . . . . 31 31 Total Orders 1 | . . . . 1 . RETURN 1 | . . . . 1 . Ally Attacks 23 | . . . . . 23 Total Damage 441 | . . . . . 441 Kills 5 | . . . . . 5 Allies Corrupted . | . . . . . . Allies Melted . | . . . . . . Intel | -11 -10 -9 -9 -7 -6 ------- Run | Yrd Mat Mat Min Zio Pro Robot Analysis Total 4 | . 2 2 . . . Derelict Logs Recovered 6 | . . . 2 2 2 Drone Launches 1 | . . . . 1 . Drone Recoveries 1 | . . . . 1 . Exploration | -11 -10 -9 -9 -7 -6 ------------- Run | Yrd Mat Mat Min Zio Pro Turns Passed 6396 | 2 904 1586 425 2165 1314 Spaces Moved 4806 | 2 658 914 320 1733 1179 Core . | . . . . . . Treads 40 | . . 40 . . . Legs 4393 | 2 658 874 320 1733 806 Wheels . | . . . . . . Hover . | . . . . . . Flight 373 | . . . . . 373 Fastest Speed 52 | 120 120 120 120 120 52 Average Speed 115 | 120 120 124 120 120 99 Slowest Speed 190 | 120 120 190 190 120 145 Overloaded Moves . | . . . . . . Propulsion Burnouts . | . . . . . . Robots Hopped . | . . . . . . Cave-ins Triggered . | . . . . . . Exploration Rate (%) 63 | 2 76 64 78 89 72 Regions Visited 5 Branch Regions 3 Pre-discovered Areas 3 | . . . 1 2 . Known Exits Taken 3 | . . 1 1 1 . Unknown Exits Taken 2 | 1 1 . . . . Scrap Searched 3 | . . . 1 2 . Spaces Dug 12 | . . . . . 12 Terrain Destroyed 203 | . . 182 1 1 19 Melee . | . . . . . . Projectile 24 | . . 3 1 1 19 AOE 179 | . . 179 . . . Terrain Rammed . | . . . . . . Walls Destroyed . | . . . . . . Machines Disabled . | . . . . . . Actions | -11 -10 -9 -9 -7 -6 --------- Run | Yrd Mat Mat Min Zio Pro Total 5315 | 1 728 1157 339 1813 1277 Wait 151 | . 25 51 2 39 34 Move 4801 | 1 657 913 319 1732 1179 Hop . | . . . . . . Pick Up 30 | . 8 10 1 9 2 Fast Attach 23 | . 3 13 1 5 1 Attach 13 | . . 6 1 1 5 Detach 11 | . . 3 . . 8 Swap 38 | . 3 21 4 6 4 Drop 54 | . 9 21 2 14 8 Fire 194 | . 23 119 9 7 36 Melee . | . . . . . . Ram . | . . . . . . Kick . | . . . . . . Crush . | . . . . . . Escape Stasis . | . . . . . . Rewire . | . . . . . . Trap . | . . . . . . Miscellaneous . | . . . . . . Route ------- -11/Scrapyard -10/Materials (discovered 4 exits: *Mat x3 / [*Min]) -9/Materials (discovered 2 exits: *Min x2) -9/Mines (discovered 3 exits: *Mat x2 / *Zio) -7/Zion -6/Proximity Caves History --------- Turn | Location | Event 1 | -11/Scrapyard | Discovered new exit (range 1) 3 | -11/Scrapyard | Entered Materials 304 | -10/Materials | Build established: Mutant 304 | -10/Materials | Discovered new exit (range 14) 463 | -10/Materials | Discovered new exit (range 12) 734 | -10/Materials | Repaired Lgt. Cannon 794 | -10/Materials | Discovered new exit (range 15) 855 | -10/Materials | Discovered new exit (range 12) 907 | -10/Materials | Entered another Materials area 907 | -9/Materials | Evolved 2 slots: Utility x2 1048 | -9/Materials | Lost 4 parts (1n2u1w) 1786 | -9/Materials | Identified exit to Mines 1940 | -9/Materials | Build established: Scavenger-Mutant 2055 | -9/Materials | Repaired Lgt. Cannon 2493 | -9/Materials | Entered Mines 2498 | -9/Mines | Core integrity fell below 50% 2595 | -9/Mines | Met a Derelict bent on vengeance 2767 | -9/Mines | Learned location of Storage (-7) 2778 | -9/Mines | Learned Materials stockpile data 2889 | -9/Mines | Discovered new exit (range 6) 2893 | -9/Mines | Discovered new exit (range 10) 2894 | -9/Mines | Identified exit to Materials 2895 | -9/Mines | A Derelict revealed a hidden shortcut to a safe place 2917 | -9/Mines | Identified exit to Zion 2918 | -9/Mines | Entered Zion 2934 | -7/Zion | Acquired unknown access codes intercepted by a Zionite 3022 | -7/Zion | Learned location of 1 exit from Factory 3140 | -7/Zion | Given the Hacking Drone Bay 3141 | -7/Zion | Found Prototype Device 3141 | -7/Zion | Identified Hacking Drone Bay 3178 | -7/Zion | Given A8's code to call for help 3507 | -7/Zion | Learned Factory emergency access door positions 3558 | -7/Zion | Learned location of Quarantine (-2) 3764 | -7/Zion | Received a visual enhancement algorithm 4355 | -7/Zion | Met Imprinter 4452 | -7/Zion | Gained Derelict followers 4987 | -7/Zion | Discovered new exit (range 8) 4995 | -7/Zion | Identified exit to Proximity Caves 5083 | -7/Zion | Entered Proximity Caves 5083 | -6/Proximity Caves | Accompanied by 3 allies 5090 | -6/Proximity Caves | Spotter reported a threat 5287 | -6/Proximity Caves | Learned 12 Factory zone layouts 5583 | -6/Proximity Caves | Spotted B-75 Beast 5630 | -6/Proximity Caves | Learned location of 1 exit from Lower Caves 5987 | -6/Proximity Caves | Attracted the attention of an 0b10 outpost 6077 | -6/Proximity Caves | Core integrity fell below 20% 6284 | -6/Proximity Caves | Acquired the password to a Derelict Tinkerer's latest research 6294 | -6/Proximity Caves | Found Prototype Special Weapon 6294 | -6/Proximity Caves | Identified Molecular Deconstructor 6397 | -6/Proximity Caves | Caught by Unaware searching for contraband prototypes 6397 | -6/Proximity Caves | Destroyed by P-70 Sage with Tesla Rifle Last Messages --------------- >>\\94AX Access granted. 06293_ Dropped Slug Cannon. 06294_ Acquired Prototype Special Weapon. 06294_ Identified Molecular Deconstructor. 06295_ Dropped Hvy. Beamcaster. 06296_ Dropped Mak. System Shield. 06297_ Acquired Slug Cannon. 06316_ Acquired 42 matter. 06319_ PUBLIC SERVICE ANNOUNCEMENT: Unaware incursion detected. Likely classification: Search and Destroy. And maybe Retrieve. Something like that, yeah. 06319_ Acquired 58 matter. 06351_ Entropy package melds with Wall. 06356_ Wall disintegrates. 06356_ Wall destabilizing. 06357_ Wall disintegrates. 06394_ Slug penetrates Wall. 06397_ P-70 Sage: "CONFIRMED SUSPICIOUS DERELICT. COMMENCE PROTOTYPE CONTRABAND SEARCH." Map ----- +----------------------------------------------------+ | ?????????????????????????????????????????????????? | | ?????????????????????????????????????????????????? | | ?????????????????????????????????????????????????? | | ?????????????????????????????????????????????????? | | ?????????????????????????????????????????????????? | | ?????????????????????????????????????????????????? | | ?????????????????????????????????????????????????? | | ?????????????????????????????????????????????????? | | ?????????????????????????????????????????????????? | | ?????????????????????????????????????????????????? | | ?????????????????????????????????????????????????? | | ?????????????????????????????????????????????????? | | #???????????????????##?####??????????????????????? | | #???????????????????# ## ###????????????????????? | | #????####????????????#;;;;;"######???????????????? | | ###??# #######?????##; [ "## ##?###??????????? | | # ##?# ##??###" ! #?# #####??????? | | #?# #### = = #### ####???? | | #??# #"" #### #???? | | #### ######## # "; ;" ##?## ##???? | | #""""""# ##### #####?## ## ##???# | | #" # #???# #????## #### ##??# | | ### #" ## #?### ##??## ##??## ##?# | | #### #" # ### #??# #????# ### | | ###### #" # ## #??# #????# | | ??## #" * # @ ##?# #????### | | ??# ""#*=### ## #### #??????## | | ??# !%=%! ## ###### ##??????## | | ?## =####### ## ####"##??????## | | ?# ##?####### #?## ## ##??????## | | ## ### #???###???### ;##?????### | | % #???????????# ;# ##?#### | | ##??????????#### #?# | | ##" #" ### ######????????# p #?# | | ######## ########## #### | | ###????# # x ### ### | | #????# ## # = [= #####?# | | #????##### ## ####### ##?????# | | ####?????# ##### #?????# ###????## | | #?????# #??## ##?????## #?????## | | ###??## ##?# #???????# #??????# | | #### #?# ## #???????## #####???? | | ## #?# ####????????### ## ###?# | | #### ##????????????# ### | | =###?????????## | | # "##???????## ## | | ## #######| ######### ### | | ?#### ####### ##?### | | ????## ### #????## | | ?????## ### ######### #?????# | +----------------------------------------------------+ Best States ------------- Heat Dissipation 28 Energy Generation 14 Energy Capacity 265 Matter Stores 300 Matter Capacity 300 Sight Range 16 Robot Scan Range 14 Terrain Scan Density 10 Armor Coverage 300 Evasion (%) 59 Targeting Accuracy 5 Recoil Reduction 1 Offensive Hacking 10 Item Schematics ----------------- Mni. Grenade Launcher | -9/Materials | Scanalyzed Lgt. Cannon | -9/Materials | Scanalyzed Katana | -9/Materials | Scanalyzed Lgt. EM Pulse Cannon | -9/Materials | Scanalyzed Imp. Medium Laser | -9/Materials | Scanalyzed Adv. ECM Suite | -7/Zion | Archive Imp. Medium Treads | -7/Zion | Archive Weapon Cycler | -7/Zion | Archive Thermal Shield | -7/Zion | Archive Imp. Shield Generator | -7/Zion | Archive Imp. Core Shielding | -7/Zion | Archive Imp. Carbon-fiber Leg | -7/Zion | Archive Imp. Dynamic Insulation System | -7/Zion | Archive Tesla Rifle | -7/Zion | Archive System Restoration Module | -7/Zion | Archive Proton Cannon | -7/Zion | Archive Coolant Injector | -7/Zion | Archive Drone Bay | -7/Zion | Archive Phase Cannon | -7/Zion | Archive Imp. Deuterium Engine | -7/Zion | Archive Lrn. Phase Cannon | -7/Zion | Archive Robot Schematics ------------------ S-27 Virus | -7/Zion | Archive O-24 Administrator | -7/Zion | Archive R-06 Scavenger | -7/Zion | Archive Fabricated ------------ Nothing Alien Tech Used ----------------- None Achievements -------------- Armchair Analyst What Is This Thing? Challenges ------------ None Game ------ Seed GodAerolevScreen Manual? 0 Play Time 01:14:33 Cumulative 15.9 hours Start 2024.11.22 @ 10:15:14 End 2024.11.22 @ 11:51:26 Sessions 9 Manual Loads 0 Difficulty Rogue Special Mode None Game No. 13 Rogue 13 Adventurer 0 Explorer 0 Win Type - Total 0 Types 0/0/0/0/0/0/0/0/0 Lore% 14 Gallery% 22 Achievement% 19 Wizard Run 0 Options --------- Layout 0 ASCII 0 Keyboard 0 Movement Mouse Keybinds 0 Fullscreen 2 Font 14/X11 Map View 72x54 Zoom Use 0% Tactical HUD 1 Map Filters NONE Filters NONE Steam 1 RUN: 361e2fd8-7cc1-4348-8ffd-1ec3a58d6661